 Dungeon Crawl Stone Soup version 0.18-a0-1284-g43455fe (webtiles) character file.

143 RedPan the Cudgeler (level 5, 0/45 HPs)
             Began as a Formicid Fighter on Feb 8, 2016.
             Slain by an iron imp (1 damage)
             ... summoned by Natasha
             ... on level 3 of the Dungeon.
             The game lasted 00:05:18 (2115 turns).

RedPan the Cudgeler (Formicid Fighter)              Turns: 2115, Time: 00:05:19

Health: 0/45       AC:  8    Str: 22    XL:     5   Next: 50%
Magic:  5/5        EV:  8    Int:  7    God:
Gold:   110        SH: 10    Dex: 10    Spells: 0 memorised, 4 levels left

rFire  . . .     SeeInvis +     a - +0 flail
rCold  . . .     Gourm    .     b - +0 scale mail
rNeg   . . .     Faith    .     c - +1 shield
rPois  .         Spirit   .     (helmet unavailable)
rElec  .         Dismiss  .     i - +0 cloak
rCorr  .         Reflect  .     (no gloves)
SustAt .         Harm     .     (no boots)
MR     .....                    (no amulet)
Stlth  ..........               (no ring)
                                (no ring)

@: not resistant to hostile enchantments, extremely unstealthy
A: permanent stasis, dig shafts and tunnels, four strong arms, antennae 3,
hooves 1, robust 1, no device heal 1
a: Dig, Shaft Self


You were on level 3 of the Dungeon.
You were not hungry.

You visited 1 branch of the dungeon, and saw 3 of its levels.

You collected 110 gold pieces.

Inventory:

Hand Weapons
 a - a +0 flail (weapon)
Armour
 b - a +0 scale mail (worn)
 c - a +1 shield (worn)
 i - a +0 cloak (worn)
Scrolls
 e - a scroll of remove curse
 h - a scroll of amnesia
 l - 2 scrolls of identify
Potions
 d - a potion of might
 p - a potion of resistance
 w - a potion of flight
Books
 t - a book of Beasts

   Spells                             Type                      Level
   a - Summon Butterflies             Summoning                    1
   b - Call Canine Familiar           Summoning                    3
   c - Summon Ice Beast               Ice/Summoning                4
   d - Summon Mana Viper              Hexes/Summoning              5
   e - Summon Hydra                   Summoning                    7
Comestibles
 f - a bread ration
 g - a meat ration
 n - 3 slices of pizza


   Skills:
 - Level 3.2 Fighting
 + Level 5.3 Maces & Flails
 - Level 3.2 Armour
 - Level 3.6 Shields


You had 4 spell levels left.
You didn't know any spells.

Dungeon Overview and Level Annotations

Branches:
Dungeon (3/15)

Altars:
Elyvilon

Annotations:
D:3 Natasha


Innate Abilities, Weirdness & Mutations

You are under a permanent stasis effect.
You can dig through walls and to a lower floor.
Your four strong arms can wield two-handed weapons with a shield.
You have a pair of large antennae on your head (SInv).
You have large cloven feet.
You are robust (+10% HP).
Potions and wands are less effective at restoring your health.


Message History

You barely miss Natasha.
The shadow imp hits you but does no damage.
Natasha barely misses you.
You closely miss Natasha. Your kick misses Natasha.
The shadow imp gestures at you. Pain shoots through your body!
* * * LOW HITPOINT WARNING * * *
Natasha claws you.
* * * LOW HITPOINT WARNING * * *
You hit Natasha.
Natasha is moderately wounded.
The shadow imp hits you but does no damage.
You block Natasha's attack.
You hit Natasha.
Natasha is heavily wounded.
The shadow imp gestures at you. Pain shoots through your body!
* * * LOW HITPOINT WARNING * * *
You block Natasha's attack. The iron imp hits you.
You die...

####################
#......P..@5........
#.........h5...P....
#....≈≈≈≈≈≈≈≈≈≈≈≈≈≈≈
#....≈≈≈≈≈≈≈≈≈≈≈≈≈≈≈
#....≈≈#####≈≈≈≈≈≈≈≈
#....≈≈#.g{#........
#....≈≈#..{#########
#....≈≈###+#
#....≈≈≈.# {


You could see an iron imp, Natasha, a gnoll and a shadow imp.

Vanquished Creatures
  Natasha (D:3)
  3 gnolls
  2 adders (D:2)
  3 worms (D:2)
  A giant gecko (D:2)
  8 bats
  A giant cockroach (D:2)
  8 goblins
  8 hobgoblins
  6 jackals
  5 kobolds
  A quokka (D:2)
  4 giant newts
  10 rats
61 creatures vanquished.

Notes
Turn   | Place    | Note
--------------------------------------------------------------
     0 | D:1      | RedPan the Formicid Fighter began the quest for the Orb.
     0 | D:1      | Reached XP level 1. HP: 18/18 MP: 1/1
    82 | D:1      | Reached XP level 2. HP: 24/24 MP: 2/2
   136 | D:1      | Reached XP level 3. HP: 29/29 MP: 3/3
   772 | D:2      | Reached XP level 4. HP: 15/35 MP: 4/4
   783 | D:2      | Reached skill level 4 in Maces & Flails
  1100 | D:2      | Found a white marble altar of Elyvilon.
  1437 | D:2      | Gained mutation: You have large cloven feet. [potion of mutation]
  1437 | D:2      | Gained mutation: Potions and wands are less effective at restoring your health. [potion of mutation]
  1437 | D:2      | Gained mutation: You are robust (+10% HP). [potion of mutation]
  1490 | D:3      | Noticed Natasha
  1518 | D:3      | Reached XP level 5. HP: 45/45 MP: 5/5
  1526 | D:3      | Killed Natasha
  1526 | D:3      | Reached skill level 5 in Maces & Flails
  2098 | D:3      | Noticed Natasha
  2115 | D:3      | HP: 1/45 [shadow imp/nerve-wracking pain[Natasha] (6)]
  2115 | D:3      | Slain by an iron imp

Vault maps used:
D:1:      ncdulo_lavacross
D:2:      elyvilon_altar_1, grunt_ministairs_9
D:3:      lemuel_castle_with_subvaults, gammafunk_temple_overflow_wave,
          nicolae_overflow_hidden_temple, first_bread, serial_curves,
          eino_curves_04, eino_curves_02, uniq_natasha

Action                   |  1- 3 |  4- 6 || total
-------------------------+-------+-------++-------
Melee: Flail             |    81 |   154 ||   235
  Use: Scroll            |       |     8 ||     8
       Potion            |       |     5 ||     5
  Eat: Chunk             |       |     4 ||     4
